[ AOE2 MATCH · #504894246 ]
UnrankedBengalis vs Mongols
Player's team · LOSS
Rival team · WIN
[ REPLAY ANALYSIS · EXTRACTED FROM THE RECORDED GAME ]
Feudal
9:18
Castle
22:39
Imperial
—
| APM avg | 148.4 |
| APM peak | 264 |
| eAPM avg | 70.0 |
| Villagers / military | 87 / 50 |
Focus
⚔️ 75.0% · 🌾 25.0%
Skirmisher ×37 · Archer ×11 · Mangonel ×1 · Spearman ×1
Feudal
10:08
Castle
20:10
Imperial
—
| APM avg | 71.4 |
| APM peak | 124 |
| eAPM avg | 32.4 |
| Villagers / military | 73 / 74 |
Focus
⚔️ 43.5% · 🌾 56.5%
Archer ×60 · Militia ×7 · Mangonel ×5 · Battering Ram ×2
Match map
Initial resources + every placement click. Lines = walls · curves = elevation contours. ◆ gold · ⬟ stone · ● berries · ✦ relic · ◌ wall gap
Your base· Open — 4t gap
準備棄game's base· Open — unwalled flank
Smoothed initial terrain · ◌ = detected wall gap · hover for details
Inputs per minute
— blytz - - 準備棄game
Build order — blytz
First 150 of 236 actions detected
| 0:00 | Queue | Villager (Male) |
| 0:00 | Queue | Villager (Male) |
| 0:01 | Build | House |
| 0:02 | Build | House |
| 0:04 | Queue | Villager (Male) |
| 0:06 | Queue | Villager (Male) |
| 1:25 | Queue | Villager (Male) |
| 1:51 | Build | Lumber Camp |
| 1:57 | Queue | Villager (Male) |
| 2:17 | Queue | Villager (Male) |
| 2:38 | Queue | Villager (Male) |
| 3:00 | Build | House |
| 3:08 | Queue | Villager (Male) |
| 3:22 | Queue | Villager (Male) |
| 3:45 | Queue | Villager (Male) |
| 3:54 | Queue | Villager (Male) |
| 4:10 | Build | Mill |
| 4:23 | Queue | Villager (Male) |
| 4:47 | Queue | Villager (Male) |
| 5:08 | Queue | Villager (Male) |
| 5:10 | Queue | Villager (Male) |
| 5:44 | Queue | Villager (Male) |
| 5:58 | Research | Loom |
| 5:58 | Research | Loom |
| 6:33 | Build | House |
| 6:35 | Build | Palisade Wall |
| 6:36 | Queue | Villager (Male) |
| 6:41 | Build | Palisade Wall |
| 6:51 | Queue | Villager (Male) |
| 7:01 | Build | Palisade Wall |
| 7:06 | Research | Feudal Age |
| 7:06 | Research | Feudal Age |
| 7:23 | Queue | Villager (Male) |
| 7:39 | Queue | Villager (Male) |
| 7:56 | Queue | Villager (Male) |
| 8:14 | Build | Barracks |
| 8:15 | Queue | Villager (Male) |
| 8:27 | Build | House |
| 8:34 | Queue | Villager (Male) |
| 9:18 | Age | Feudal Age |
| 9:20 | Build | Archery Range |
| 9:21 | Queue | Spearman |
| 9:39 | Research | Double-Bit Axe |
| 9:40 | Research | Double-Bit Axe |
| 9:59 | Queue | Villager (Male) |
| 10:01 | Queue | Archer |
| 10:09 | Queue | Villager (Male) |
| 10:14 | Build | Mining Camp |
| 10:28 | Build | Palisade Wall |
| 10:30 | Build | Palisade Wall |
| 10:37 | Queue | Villager (Male) |
| 10:58 | Queue | Skirmisher |
| 10:58 | Queue | Villager (Male) |
| 10:59 | Queue | Villager (Male) |
| 11:01 | Build | House |
| 11:02 | Queue | Villager (Male) |
| 11:02 | Queue | Villager (Male) |
| 11:06 | Build | Palisade Wall |
| 11:17 | Build | House |
| 11:23 | Build | Palisade Wall |
| 11:25 | Queue | Villager (Male) |
| 11:30 | Queue | Villager (Male) |
| 11:34 | Build | Farm |
| 11:35 | Build | Farm |
| 11:53 | Build | Palisade Wall |
| 11:55 | Build | Palisade Wall |
| 11:57 | Build | Palisade Wall |
| 11:57 | Queue | Archer |
| 12:02 | Build | Palisade Wall |
| 12:03 | Build | Palisade Wall |
| 12:05 | Build | Palisade Wall |
| 12:10 | Queue | Villager (Male) |
| 12:23 | Queue | Archer |
| 12:24 | Queue | Villager (Male) |
| 12:25 | Build | Farm |
| 12:26 | Build | Farm |
| 12:44 | Queue | Villager (Male) |
| 12:49 | Queue | Villager (Male) |
| 12:49 | Queue | Villager (Male) |
| 12:51 | Build | Farm |
| 13:08 | Queue | Skirmisher |
| 13:10 | Build | Blacksmith |
| 13:19 | Build | Farm |
| 13:23 | Queue | Skirmisher |
| 13:23 | Queue | Skirmisher |
| 13:25 | Queue | Villager (Male) |
| 13:50 | Research | Fletching |
| 13:50 | Research | Fletching |
| 13:51 | Queue | Villager (Male) |
| 13:51 | Queue | Villager (Male) |
| 13:59 | Build | Farm |
| 14:12 | Build | House |
| 14:21 | Build | Farm |
| 14:25 | Queue | Archer |
| 14:31 | Queue | Villager (Male) |
| 14:33 | Build | Farm |
| 14:41 | Build | House |
| 15:21 | Queue | Villager (Male) |
| 15:26 | Queue | Villager (Male) |
| 15:34 | Queue | Villager (Male) |
| 15:36 | Build | Farm |
| 15:38 | Build | Farm |
| 15:39 | Build | Farm |
| 15:40 | Queue | Archer |
| 15:43 | Queue | Villager (Male) |
| 15:44 | Queue | Villager (Male) |
| 15:49 | Queue | Villager (Male) |
| 15:56 | Queue | Villager (Male) |
| 15:58 | Build | Archery Range |
| 16:01 | Build | Farm |
| 16:03 | Research | Horse Collar |
| 16:03 | Research | Horse Collar |
| 16:17 | Build | House |
| 16:49 | Queue | Archer |
| 16:57 | Queue | Skirmisher |
| 16:57 | Queue | Skirmisher |
| 16:58 | Queue | Villager (Male) |
| 17:00 | Build | Farm |
| 17:00 | Queue | Villager (Male) |
| 17:13 | Queue | Villager (Male) |
| 17:16 | Queue | Skirmisher |
| 17:16 | Queue | Skirmisher |
| 17:21 | Research | Padded Archer Armor |
| 17:34 | Research | Wheelbarrow |
| 17:34 | Research | Wheelbarrow |
| 17:40 | Build | Farm |
| 17:42 | Build | Farm |
| 17:49 | Queue | Skirmisher |
| 17:50 | Queue | Villager (Male) |
| 17:50 | Queue | Villager (Male) |
| 17:52 | Build | House |
| 18:05 | Queue | Archer |
| 18:07 | Queue | Villager (Male) |
| 18:11 | Build | Market |
| 18:19 | Research | Town Watch |
| 18:19 | Research | Town Watch |
| 18:19 | Queue | Villager (Male) |
| 18:20 | Queue | Villager (Male) |
| 18:21 | Build | Farm |
| 18:26 | Queue | Archer |
| 18:40 | Queue | Villager (Male) |
| 18:42 | Queue | Archer |
| 18:44 | Queue | Archer |
| 19:00 | Build | Lumber Camp |
| 19:03 | Queue | Archer |
| 19:27 | Build | Palisade Wall |
| 19:30 | Build | Lumber Camp |
| 19:59 | Research | Castle Age |
| 20:00 | Research | Castle Age |
| 20:04 | Queue | Skirmisher |
Build order — 準備棄game
First 150 of 228 actions detected
| 0:01 | Queue | Villager (Male) |
| 0:01 | Queue | Villager (Male) |
| 0:02 | Build | House |
| 0:03 | Build | House |
| 0:06 | Queue | Villager (Male) |
| 0:06 | Queue | Villager (Male) ×2 |
| 0:06 | Queue | Villager (Male) |
| 1:30 | Queue | Villager (Male) |
| 1:43 | Queue | Villager (Male) |
| 1:52 | Build | Lumber Camp |
| 2:14 | Queue | Villager (Male) |
| 2:42 | Queue | Villager (Male) |
| 2:42 | Queue | Villager (Male) |
| 3:08 | Queue | Villager (Male) |
| 3:08 | Queue | Villager (Male) |
| 3:42 | Queue | Villager (Male) |
| 3:53 | Build | House |
| 3:56 | Queue | Villager (Male) |
| 4:24 | Queue | Villager (Male) |
| 4:28 | Build | Barracks |
| 5:12 | Build | House |
| 5:16 | Queue | Villager (Male) |
| 5:18 | Queue | Militia |
| 5:18 | Queue | Militia |
| 5:18 | Queue | Militia |
| 5:39 | Build | House |
| 5:53 | Queue | Villager (Male) |
| 5:56 | Queue | Villager (Male) |
| 6:13 | Queue | Villager (Male) |
| 6:31 | Queue | Villager (Male) |
| 6:42 | Build | Mill |
| 7:13 | Research | Loom |
| 7:35 | Build | Mining Camp |
| 7:54 | Research | Feudal Age |
| 7:54 | Research | Feudal Age |
| 8:24 | Build | Mill |
| 8:31 | Queue | Villager (Male) |
| 8:37 | Queue | Militia |
| 8:37 | Queue | Militia |
| 8:51 | Build | House |
| 8:58 | Queue | Militia |
| 9:12 | Queue | Militia |
| 10:08 | Age | Feudal Age |
| 10:09 | Build | Archery Range |
| 10:10 | Research | Man-at-Arms (upgrade) |
| 10:11 | Research | Double-Bit Axe |
| 10:11 | Research | Double-Bit Axe |
| 10:16 | Build | Farm |
| 10:20 | Queue | Villager (Male) |
| 10:35 | Queue | Villager (Male) |
| 10:37 | Build | Farm |
| 10:40 | Build | House |
| 10:41 | Build | Palisade Wall |
| 10:52 | Queue | Archer |
| 11:14 | Build | Farm |
| 11:19 | Queue | Villager (Male) |
| 11:19 | Queue | Villager (Male) |
| 11:23 | Queue | Archer |
| 11:46 | Queue | Villager (Male) |
| 11:51 | Build | Farm |
| 11:51 | Build | Farm |
| 11:52 | Queue | Villager (Male) |
| 12:02 | Queue | Archer |
| 12:02 | Queue | Archer |
| 12:10 | Queue | Villager (Male) |
| 12:16 | Build | House |
| 12:25 | Queue | Villager (Male) |
| 12:27 | Build | Farm |
| 12:34 | Queue | Archer |
| 12:34 | Queue | Archer |
| 12:39 | Queue | Villager (Male) |
| 12:43 | Queue | Archer |
| 13:02 | Build | House |
| 13:14 | Build | Farm |
| 13:15 | Build | Farm |
| 13:25 | Queue | Villager (Male) |
| 13:36 | Build | Farm |
| 13:39 | Build | Palisade Wall |
| 13:45 | Queue | Archer |
| 13:49 | Queue | Villager (Male) |
| 13:51 | Build | House |
| 14:14 | Queue | Archer |
| 14:36 | Queue | Villager (Male) |
| 14:45 | Build | Blacksmith |
| 14:54 | Queue | Archer |
| 15:09 | Queue | Villager (Male) |
| 15:12 | Build | Farm |
| 15:19 | Queue | Villager (Male) |
| 15:22 | Queue | Archer |
| 15:32 | Research | Fletching |
| 15:32 | Research | Fletching |
| 15:33 | Build | House |
| 15:42 | Queue | Villager (Male) |
| 15:43 | Research | Wheelbarrow |
| 15:50 | Build | Farm |
| 15:53 | Queue | Archer |
| 16:09 | Queue | Villager (Male) |
| 16:18 | Queue | Villager (Male) |
| 16:22 | Queue | Archer |
| 16:38 | Queue | Archer |
| 16:40 | Queue | Villager (Male) |
| 17:08 | Build | Archery Range |
| 17:19 | Build | Farm |
| 17:30 | Research | Castle Age |
| 17:54 | Queue | Archer |
| 17:54 | Queue | Archer |
| 18:02 | Build | Lumber Camp |
| 18:20 | Build | Lumber Camp |
| 18:33 | Queue | Archer |
| 18:33 | Queue | Archer |
| 18:40 | Queue | Archer |
| 18:40 | Queue | Archer |
| 18:53 | Queue | Archer |
| 18:53 | Queue | Archer |
| 19:03 | Build | House |
| 19:23 | Queue | Archer |
| 19:46 | Queue | Archer |
| 19:46 | Queue | Archer |
| 19:51 | Build | Farm |
| 20:07 | Queue | Villager (Male) |
| 20:10 | Age | Castle Age |
| 20:11 | Research | Crossbowman (upgrade) |
| 20:16 | Research | Bodkin Arrow |
| 20:17 | Research | Bow Saw |
| 20:17 | Research | Bow Saw |
| 20:19 | Queue | Villager (Male) |
| 20:20 | Build | University |
| 20:24 | Queue | Archer |
| 20:50 | Queue | Villager (Male) |
| 20:54 | Queue | Archer |
| 20:58 | Build | Farm |
| 20:59 | Build | Farm |
| 21:01 | Build | Farm |
| 21:03 | Queue | Villager (Male) |
| 21:09 | Queue | Archer |
| 21:23 | Queue | Villager (Male) |
| 21:33 | Research | Padded Archer Armor |
| 21:48 | Queue | Archer |
| 21:52 | Queue | Villager (Male) |
| 22:04 | Research | Ballistics |
| 22:04 | Research | Ballistics |
| 22:08 | Build | Farm |
| 22:08 | Build | Farm |
| 22:17 | Queue | Archer |
| 22:26 | Queue | Villager (Male) |
| 22:28 | Build | Farm |
| 22:31 | Queue | Archer |
| 22:40 | Queue | Archer |
| 22:45 | Queue | Villager (Male) |
| 22:50 | Build | Siege Workshop |
Match timeline
| 4:28 | 準備棄game · first_building Barracks |
| 6:35 | blytz · wall_segment Palisade Wall x1 |
| 6:41 | blytz · wall_segment Palisade Wall x4 |
| 7:01 | blytz · wall_segment Palisade Wall x1 |
| 8:14 | blytz · first_building Barracks |
| 9:18 | blytz · age_up feudal |
| 9:20 | blytz · first_building Archery Range |
| 10:08 | 準備棄game · age_up feudal |
| 10:09 | 準備棄game · first_building Archery Range |
| 10:28 | blytz · wall_segment Palisade Wall x1 |
| 10:30 | blytz · wall_segment Palisade Wall x6 |
| 10:41 | 準備棄game · wall_segment Palisade Wall x1 |
| 11:06 | blytz · wall_segment Palisade Wall x5 |
| 11:23 | blytz · wall_segment Palisade Wall x3 |
| 11:53 | blytz · wall_segment Palisade Wall x1 |
| 11:55 | blytz · wall_segment Palisade Wall x1 |
| 11:57 | blytz · wall_segment Palisade Wall x1 |
| 12:02 | blytz · wall_segment Palisade Wall x1 |
| 12:03 | blytz · wall_segment Palisade Wall x1 |
| 12:05 | blytz · wall_segment Palisade Wall x1 |
| 13:39 | 準備棄game · wall_segment Palisade Wall x1 |
| 19:08 | blytz · first_market_sell 100 stone |
| 19:08 | blytz · first_market_buy 100 food |
| 19:27 | blytz · wall_segment Palisade Wall x1 |
| 20:10 | 準備棄game · age_up castle |
| 21:45 | blytz · first_building Stable |
| 22:39 | blytz · age_up castle |
| 22:50 | 準備棄game · first_building Siege Workshop |
| 25:57 | blytz · first_building Siege Workshop |
| 27:18 | blytz · wall_segment Palisade Wall x1 |
| 27:19 | blytz · wall_segment Palisade Wall x2 |
| 27:20 | blytz · wall_segment Palisade Wall x2 |
| 27:31 | blytz · wall_segment Palisade Wall x1 |
| 28:30 | blytz · resign |
[ AI ANALYSIS · 1 CREDIT ]
What really happened in this match?
Wolo.gg analyzes every decision: build order, eco, micro, common mistakes by bracket. Personalized analysis on WhatsApp or Discord in 30 seconds.
Civ guide
Bengalis
Perfil
Jugador #21516070